[Event "*** Titled Tuesday 3|2 Blitz"]
[Site "Chess.com"]
[Date "2016.01.05"]
[Round "4"]
[White "1stSecond"]
[Black "cheese111"]
[Result "1-0"]
[WhiteElo "2490"]
[BlackElo "2251"]
[TimeControl "180+2"]
[EndTime "17:48:18 PST"]
[Termination "1stSecond won by resignation"]

1. d4 Nf6 2. c4 g6 3. Nc3 Bg7 4. e4 d6 5. Nf3 O-O 6. h3 e5 7.
d5 a5 8. g4 Na6 9. Be3 b6 10. Be2 Nc5 11. Nd2 Bd7 12. h4 Ne8 13. h5 f5 14. hxg6 hxg6 15. gxf5 gxf5 16. exf5 Bxf5 17.
Bxc5 dxc5 18. Bg4 Qg5 19. Bxf5 Qxf5 20. Nde4 Nd6 21. Qe2 Qf7 22. O-O-O Nf5 23. Rdg1 Nd4 24. Qd3 Qf3 25. Qd2 Qf4 26. Rg3 Qxd2+ 27. Kxd2 Rf7 28. Rh5 Kf8 29. Ke1 Ke7 30. d6+ Kd7 31. Nd5 Ne6 32. dxc7 Raf8 33. Rh7 Bh8 34. c8=Q+ Kxc8 35. Rxf7 Rxf7 36. Nd6+ 1-0

[Event "*** Titled Tuesday 3|2 Blitz"]
[Site "Chess.com"]
[Date "2016.01.05"]
[Round "4"]
[White "saraswathii"]
[Black "jlandaw"]
[Result "0-1"]
[WhiteElo "1882"]
[BlackElo "2341"]
[TimeControl "180+2"]
[EndTime "17:48:21 PST"]
[Termination "jlandaw won by resignation"]

1. e4 e5 2. d3 Bc5 3. g3 f5 4.
Bg2 Nf6 5. Nf3 d6 6. Nbd2 Nc6 7. O-O O-O 8. c3 a6 9. Qb3+ Kh8 10. a4 Qe7 11. Qc2 Ba7 12. b4 Nd8 13. b5 axb5 14.
Bb2 bxa4 15. Rxa4 Bd7 16. Ra3 Nc6 17. Rfa1 fxe4 18. Nxe4 Nxe4 19. dxe4 Bg4 20. Qd3 Qf6 21. c4 Rab8 22. h3 Bxf3 23. Qxf3 Bd4 24. Bxd4 Nxd4 25. Qxf6 gxf6 26. Ra8 Rxa8 0-1

[Event "*** Titled Tuesday 3|2 Blitz"]
[Site "Chess.com"]
[Date "2016.01.05"]
[Round "4"]
[White "aNONoNonono"]
[Black "RobertoSuardi"]
[Result "0-1"]
[WhiteElo "2157"]
[BlackElo "1932"]
[TimeControl "180+2"]
[EndTime "17:48:22 PST"]
[Termination "RobertoSuardi won by resignation"]

1. e4 Nf6 2. Nc3 d5 3. e5 Ne4 4. d4 Nxc3 5. bxc3 c5 6. Nf3 Nc6 7. Bd3 Bg4 8. h3 Bxf3 9. Qxf3 e6 10. Be3 Qa5 11. O-O c4 12. Be2 Qxc3 13. Rab1 b6 14. Rfd1 Be7 15. Bf4 Qxf3 16. Bxf3 Kd7 17. c3 h5 18. a4 Rag8 19. Bd2 g5 20. g3 g4 21. Bg2 Bg5 22. h4 Bxd2 23. Rxd2 Na5 24. Rdb2 Rg6 25. Kh2 Rf8 26. f4 gxf3 27. Bxf3 Rfg8 28. Rg2 Rh6 29. Rf1 Rg7 30. Bd1 Ke7 31. Rf3 Rgg6 32.
Rgf2 Rg7 33. Rf6 Rh8 34. R2f4 Nc6 35. Kh3 Nd8 36. a5 b5 37. a6 Nc6 38. Rf2 Rb8 39.
Bxh5 Nd8 40. Rb2 Nc6 41. Rf1 b4 42. cxb4 Nxd4 43. b5 Rb6 44. Rd1 Nf5 45. Bf3 Rxg3+ 0-1

[Event "*** Titled Tuesday 3|2 Blitz"]
[Site "Chess.com"]
[Date "2016.01.05"]
[Round "4"]
[White "StellarChessPro"]
[Black "jefferyx"]
[Result "1-0"]
[WhiteElo "2244"]
[BlackElo "2512"]
[TimeControl "180+2"]
[EndTime "17:48:30 PST"]
[Termination "StellarChessPro won by resignation"]

1. d4 b5 2. e4 a6 3. a4 b4 4. c3 Bb7 5. Bd3 e6 6. Nf3 Nf6 7. Qe2 d5 8. e5 Nfd7 9. Bg5 Qc8 10. Nbd2 c5 11. O-O Nc6 12. h3 h6 13. Bf4 g5 14.
Bh2 Be7 15. Rfc1 bxc3 16. bxc3 h5 17. g4 hxg4 18. hxg4 c4 19. Bc2 Qc7 20. Kg2 O-O-O 21. Bg3 Qa5 22. Qe3 Rhe8 23. Rcb1 f6 24. exf6 Bxf6 25.
Bg6 Re7 26. Bd6 Rg7 27. Bh5 e5 28. Rxb7 exd4 29. Qe6 Kxb7 30. Rb1+ Ka7 31. Nxd4 Bxd4 32. cxd4 Qxd2 33. Bc5+ Nxc5 34. Qxc6 Qxd4 35. Qb6+ Ka8 36. Qxd8+ 1-0

[Event "*** Titled Tuesday 3|2 Blitz"]
[Site "Chess.com"]
[Date "2016.01.05"]
[Round "4"]
[White "chesstatour"]
[Black "Cecile_Haussernot"]
[Result "0-1"]
[WhiteElo "1917"]
[BlackElo "2192"]
[TimeControl "180+2"]
[EndTime "17:48:36 PST"]
[Termination "Cecile_Haussernot won by resignation"]

1. c4 e5 2. Nc3 Nc6 3. Nf3 Nf6 4.
d4 exd4 5. Nxd4 Bc5 6. Nb3 Bb4 7.
g3 O-O 8. Bg2 d6 9. O-O Bxc3 10.
bxc3 Be6 11. c5 Re8 12. cxd6 cxd6 13. Bf4 Bc4 14. Re1 d5 15. Rb1 a5 16. a3 b6 17.
Nd4 Nxd4 18. cxd4 b5 19. f3 Qe7 20. Qd2 Qxa3 21. Ra1 Qe7 22. Rxa5 Rxa5 23. Qxa5 b4 24. e4 b3 25. Bd2 dxe4 26. fxe4 b2 27. Qb6 Bd3 28.
Qxb2 Nxe4 29. Qa3 Qxa3 0-1

[Event "*** Titled Tuesday 3|2 Blitz"]
[Site "Chess.com"]
[Date "2016.01.05"]
[Round "4"]
[White "LyonBeast"]
[Black "tigra"]
[Result "0-1"]
[WhiteElo "2753"]
[BlackElo "2281"]
[TimeControl "180+2"]
[EndTime "17:48:56 PST"]
[Termination "tigra won by resignation"]

1. d4 Nf6 2. Nf3 e6 3. g3 c5 4.
Bg2 Nc6 5. O-O a6 6. c4 cxd4 7. Nxd4 Bc5 8. Nb3 Ba7 9. Bf4 e5 10. Bg5 h6 11. Bxf6 Qxf6 12. Nc3 Qd8 13. Ne4 O-O 14.
Nd6 Rb8 15. Rc1 b5 16. c5 Bb7 17. Qd2 Ba8 18. Rfd1 a5 19. Bxc6 Bxc6 20. Nxa5 Ba8 21. b4 Qf6 22. e4 Qe6 23. Qe2 g6 24. Nxb5 Rxb5 25. Qxb5 Bxe4 26. Qxd7 Qf6 27. Re1 Bf3 28. Rc3 e4 29. Rxf3 exf3 30. Qxa7 Rd8 31. Qb7 Qe6 32. Qxf3 Qxe1+ 33. Kg2 Rd1 34. Kh3 Qf1+ 35. Qg2 Qe2 36. Qc6 Qxf2 37. Nb7 Qf5+ 0-1

[Event "*** Titled Tuesday 3|2 Blitz"]
[Site "Chess.com"]
[Date "2016.01.05"]
[Round "4"]
[White "Smirnov_Pavel"]
[Black "wonderfultime"]
[Result "1-0"]
[WhiteElo "2302"]
[BlackElo "2609"]
[TimeControl "180+2"]
[EndTime "17:49:00 PST"]
[Termination "Smirnov_Pavel won by resignation"]

1. d4 d5 2. c4 c6 3. Nf3 Nf6 4. Nc3 dxc4 5. a4 Bf5 6. Ne5 Nbd7 7. Nxc4 Qc7 8. g3 e5 9. dxe5 Nxe5 10. Bf4 Nfd7 11. Bg2 f6 12. O-O g5 13. Bxe5 Nxe5 14. Ne3 Be6 15. Rc1 Qf7 16. Qc2 Bb4 17. Qe4 a5 18. f4 Bc5 19. Nd1 Bb6 20. fxe5 f5 21. Qf3 O-O 22. Kh1 Rad8 23. Nc3 f4 24. gxf4 gxf4 25.
Ng4 Kh8 26. Nf6 Be3 27. Rcd1 Qg6 28. Bh3 Bb3 29. Rd7 Rxd7 30. Bxd7 Qg5 31. Qe4 Rf7 32. Qf5 Qh6 33. Be6 Rg7 34. Bxb3 1-0

[Event "*** Titled Tuesday 3|2 Blitz"]
[Site "Chess.com"]
[Date "2016.01.05"]
[Round "4"]
[White "Iball95"]
[Black "Aygehovit1992"]
[Result "0-1"]
[WhiteElo "2397"]
[BlackElo "2398"]
[TimeControl "180+2"]
[EndTime "17:49:18 PST"]
[Termination "Aygehovit1992 won by resignation"]

1. Nf3 d5 2. c4 d4 3. b4 g6 4. Bb2 Bg7 5. e3 c5 6. Qa4+ Bd7 7.
Qb3 cxb4 8. Nxd4 Nf6 9. Qxb4 Qc8 10. Be2 a5 11. Qa3 O-O 12. O-O Re8 13. Nc3 Bf8 14.
Ndb5 Nc6 15. Qb3 Bg4 16. f3 Be6 17. d4 a4 18. Qd1 Na5 19. d5 Rd8 20. Qd4 Bd7 21. e4 Bg7 22. e5 Bxb5 23. cxb5 Nd7 24. f4 f6 25. e6 f5 26. Qe3 Nf6 27. Rfd1 Nc4 28. Qc1 Nxb2 29. Qxb2 Ne4 30. Rac1 Qc5+ 31. Kh1 Nf2+ 0-1

[Event "*** Titled Tuesday 3|2 Blitz"]
[Site "Chess.com"]
[Date "2016.01.05"]
[Round "4"]
[White "DanielNaroditsky"]
[Black "RitchieBlackmore"]
[Result "0-1"]
[WhiteElo "2544"]
[BlackElo "2462"]
[TimeControl "180+2"]
[EndTime "17:49:24 PST"]
[Termination "RitchieBlackmore won by resignation"]

1. d4 d5 2. c4 c6 3. Nf3 Nf6 4.
Nc3 Bg4 5. Ne5 Be6 6. cxd5 Nxd5 7. e4 Nxc3 8. bxc3 Nd7 9. Nd3 Bc4 10. g3 Bxd3 11. Bxd3 e6 12. h4 Be7 13. h5 Qa5 14.
Bd2 O-O 15. e5 Qd5 16. f3 f5 17. Qe2 c5 18. Bc4 Qc6 19. Bb5 Qd5 20. Bc4 Qc6 21.
Bb5 Qd5 22. Rd1 Nb6 23. c4 Qd8 24. d5 a6 25. dxe6 axb5 26. Ba5 Qxd1+ 27. Qxd1 Rxa5 28. O-O Rxa2 29. Qb1 Ra5 30. Rd1 b4 31. Qd3 Ra3 32. Qe2 Rfa8 33. Qc2 Rxf3 34. Qg2 Raa3 35. Qd2 Rxg3+ 36.
Kh2 Rgd3 37. Qxd3 Rxd3 38. Rxd3 g5 39. h6 Kf8 40. Kg2 Ke8 41. Kf2 Nxc4 42. Rd7 Nxe5 43. Rxb7 Nc6 44. Rb6 Nd8 45. Rb8 c4 46. Ke3 c3 47.
Kd3 g4 48. Ra8 g3 49. Ra1 f4 50. Ke4 b3 51. Kf5 b2 52. Ra8 b1=Q+ 53. Kg4 Qg6+ 54.
Kf3 Qxe6 55. Rb8 Qe3+ 56. Kg2 Qe4+ 57. Kh3 Qf5+ 58. Kg2 f3+ 59. Kxg3 Qe5+ 60. Kh3 Qxb8 61. Kg4 Qe5 62. Kh3 Qg3+ 63. Kxg3 c2 0-1

[Event "*** Titled Tuesday 3|2 Blitz"]
[Site "Chess.com"]
[Date "2016.01.05"]
[Round "4"]
[White "Fibrinogen"]
[Black "Carolina-moon"]
[Result "1-0"]
[WhiteElo "2194"]
[BlackElo "1998"]
[TimeControl "180+2"]
[EndTime "17:49:31 PST"]
[Termination "Fibrinogen won by checkmate"]

1. e4 c5 2. Nf3 d6 3. d4 Nf6 4.
Nc3 cxd4 5. Nxd4 a6 6. Be2 e5 7.
Nb3 Be7 8. Bg5 Be6 9. Bxf6 Bxf6 10. Qd3 Be7 11. O-O-O Nd7 12. Nd5 Bxd5 13. Qxd5 Qc7 14. Kb1 O-O 15. c3 b5 16. g3 Nb6 17. Qd3 Rfc8 18. Bg4 Rd8 19. f4 d5 20. fxe5 Qxe5 21. Rhe1 dxe4 22. Qxe4 Rxd1+ 23. Bxd1 Qxe4+ 24. Rxe4 Bf6 25. Nc5 Rd8 26. Kc2 a5 27. Be2 b4 28. c4 g6 29. Nb7 Ra8 30. c5 Rc8 31. Kb3 Nd5 32.
Bc4 Ne7 33. Rf4 Kg7 34. Nd6 Ra8 35. Bxf7 Nc6 36. Bd5 a4+ 37. Kc2 Ra6 38. Ne8+ Kh6 39. Nxf6 Ne5 40. Ng4+ Kg5 41. Nxe5 a3 42. Nf7+ Kh5 43.
Rh4# 1-0

[Event "*** Titled Tuesday 3|2 Blitz"]
[Site "Chess.com"]
[Date "2016.01.05"]
[Round "4"]
[White "alex_zapata"]
[Black "Alliswell998"]
[Result "1-0"]
[WhiteElo "2190"]
[BlackElo "2055"]
[TimeControl "180+2"]
[EndTime "17:49:38 PST"]
[Termination "alex_zapata won by checkmate"]

1. e4 c5 2. Nf3 a6 3. c4 e6 4. d4 cxd4 5. Nxd4 Nf6 6. Nc3 Qc7 7. Bd3 b6 8. O-O Bb7 9. Be3 d6 10.
Rc1 Nbd7 11. Qe2 Be7 12. f4 O-O 13. Bb1 Rfe8 14. Nf3 Rac8 15. Nd2 Qb8 16. g4 Nc5 17. g5 Nfd7 18. b4 d5 19. bxc5 Bxc5 20. Bxc5 bxc5 21. Qd3 d4 22. Ne2 e5 23. f5 f6 24. h4 Kh8 25. Ng3 Qd6 26. Qf3 Qe7 27. Bd3 fxg5 28. h5 Nf6 29. Kg2 g4 30. Qe2 h6 31.
Rb1 Rc7 32. Rb6 Nd7 33. Rg6 Nf8 34. f6 Nxg6 35. fxe7 Nf4+ 36. Rxf4 exf4 37. Nf5 f3+ 38. Nxf3 gxf3+ 39. Qxf3 Bc8 40. Qg3 Bxf5 41. Qxc7 Bg4 42.
Qd8 Bxh5 43. e5 a5 44. Be4 d3 45. Bxd3 a4 46. Be4 a3 47. Bc6 Rxd8 48. exd8=Q+ Kh7 49. Be4+ Bg6 50. Bxg6+ Kxg6 51. Qf8 Kh5 52. e6 Kh4 53. e7 h5 54. e8=Q g5 55. Qe4+ g4 56. Qf6# 1-0

[Event "*** Titled Tuesday 3|2 Blitz"]
[Site "Chess.com"]
[Date "2016.01.05"]
[Round "4"]
[White "cool64chess"]
[Black "AdrianaNikolova"]
[Result "1-0"]
[WhiteElo "2231"]
[BlackElo "2148"]
[TimeControl "180+2"]
[EndTime "17:50:02 PST"]
[Termination "cool64chess won by checkmate"]

1. d4 Nf6 2. c4 e6 3. Nc3 Bb4 4. f3 d5 5. a3 Bxc3+ 6. bxc3 O-O 7. cxd5 exd5 8. e3 c5 9. Bd3 cxd4 10. cxd4 Re8 11. Ne2 Nc6 12. O-O b6 13. Ra2 Bb7 14. Ng3 Ne7 15. Re2 Ng6 16. Bb2 Rc8 17.
Qd2 Nh4 18. e4 dxe4 19. fxe4 Ng6 20. e5 Nd5 21. Nf5 Rc7 22. Nd6 Rf8 23. Ref2 Bc6 24.
Bc4 Qa8 25. Ba2 b5 26. Qg5 a6 27. h4 h6 28. Qg3 Nh8 29. Nf5 g6 30. Nxh6+ Kh7 31.
Ng4 a5 32. Bb1 b4 33. h5 Kg7 34. hxg6 bxa3 35. Bxa3 Nb4 36. gxf7 Nxf7 37. Nf6+ Ng5 38.
Qxg5+ Kf7 39. Nd5+ Ke6 40. Nxc7+ Kd7 41. Qg7+ Kc8 42.
Rxf8+ Kb7 43. Nxa8+ Ka6 44. Qc7 Nd5 45. Qxc6+ Ka7 46.
Bc5+ Nb6 47. Qxb6# 1-0

[Event "*** Titled Tuesday 3|2 Blitz"]
[Site "Chess.com"]
[Date "2016.01.05"]
[Round "4"]
[White "nijat_a"]
[Black "tac49"]
[Result "1-0"]
[WhiteElo "2707"]
[BlackElo "2427"]
[TimeControl "180+2"]
[EndTime "17:50:08 PST"]
[Termination "nijat_a won by resignation"]

1. Nf3 d5 2. g3 Nf6 3. Bg2 c6 4. O-O Bg4 5. d3 Nbd7 6. Nbd2 e5 7. Qe1 Bc5 8. h3 Bxf3 9. Nxf3 O-O 10. e4 Re8 11. Bd2 a5 12. Nh4 Qb6 13. b3 dxe4 14. dxe4 Nf8 15. Kh2 Ne6 16. Nf5 Nd4 17. Nxd4 Bxd4 18.
Rd1 Bc5 19. Bg5 Re6 20. a4 h6 21. Bc1 Rd6 22. Rxd6 Bxd6 23. Qc3 Qb4 24. Qxb4 axb4 25. Rd1 Ne8 26. f4 Kf8 27. Be3 Ke7 28. fxe5 Bxe5 29. Bc5+ Nd6 30. Bxb4 Ke6 31. Bf3 g6 32. Kg2 b6 33.
Bg4+ Ke7 34. Be2 c5 35. Ba3 Nxe4 36. Bf3 f5 37. Re1 Rd8 38. Bc1 Bc3 39. Re2 Bd2 40. Bxe4 Bxc1 41. Bxf5+ Kf6 42. Bd3 Bb2 43. Rf2+ Kg7 44.
h4 h5 45. Re2 Kf6 46. Kf3 Bd4 47. Re4 g5 48. Bc4 gxh4 49. Rxh4 Kg5 50. Kg2 Be5 51.
Be2 Rh8 52. Re4 Bd4 53. Re6 Rh6 54. Re4 h4 55. Rg4+ Kf5 56. Rxh4 Rxh4 57. gxh4 Kf4 58. h5 Ke3 59. Bd3 Kd2 60. Kf3 c4 61. Bxc4 Kxc2 62. Ke4 Kc3 63. h6 Bh8 64. h7 1-0

[Event "*** Titled Tuesday 3|2 Blitz"]
[Site "Chess.com"]
[Date "2016.01.05"]
[Round "4"]
[White "Penguininja"]
[Black "kharposh"]
[Result "0-1"]
[WhiteElo "2130"]
[BlackElo "2093"]
[TimeControl "180+2"]
[EndTime "17:50:09 PST"]
[Termination "kharposh won by resignation"]

1. d4 d5 2. c4 c5 3. e3 cxd4 4.
exd4 Nc6 5. Nc3 Nf6 6. cxd5 Nxd5 7. Be2 e6 8. Nf3 Bb4 9. Qd3 O-O 10. O-O b6 11. a3 Be7 12. Be3 Bb7 13. Bd1 Nxe3 14. Qxe3 Bf6 15. Ne2 Ne7 16. Bc2 Rc8 17. Rac1 Ba6 18. Rfd1 Nd5 19. Qe4 g6 20. h4 Bxe2 21.
Qxe2 Nf4 22. Qe4 Nd5 23. h5 Bg7 24. g3 Qf6 25. Kg2 Rfd8 26. hxg6 hxg6 27. Ne5 Rc7 28.
Bb3 Rxc1 29. Rxc1 Qf5 30. Bxd5 Rxd5 31. Rc8+ Bf8 32. Qh4 Kg7 33. Ra8 a5 34. Nf3 Rb5 35. b4 Qd5 36. Qf4 Qxa8 37. Kh2 Rh5+ 38. Kg2 Rf5 39.
Qe3 Rxf3 40. Qxf3 Qxf3+ 0-1

[Event "*** Titled Tuesday 3|2 Blitz"]
[Site "Chess.com"]
[Date "2016.01.05"]
[Round "4"]
[White "mateueasily"]
[Black "Quiet_Desperation"]
[Result "1-0"]
[WhiteElo "2332"]
[BlackElo "2121"]
[TimeControl "180+2"]
[EndTime "17:50:21 PST"]
[Termination "mateueasily won by resignation"]

1. e4 e6 2. d4 d5 3. Nd2 Nf6 4.
e5 Nfd7 5. Bd3 c5 6. c3 Nc6 7. Ne2 cxd4 8. cxd4 f6 9. exf6 Nxf6 10. O-O Bd6 11. Nf3 Qc7 12. Bg5 O-O 13. Bh4 Nh5 14. Qc2 h6 15. Bg6 Rxf3 16. Bxh5 Bxh2+ 17. Kh1 Rf5 18. Bg6 Bd6 19. Bxf5 exf5 20. Rac1 Qf7 21. Bg3 f4 22. Bh2 Qh5 23. f3 Bf5 24. Qd2 g5 25. Nc3 Rf8 26. Nxd5 g4 27. fxg4 Bxg4 28. Nxf4 Qh4 29. Kg1 Bd7 30. Qe3 Qg5 31. Rf3 Bg4 32.
Rf2 h5 33. Rcf1 Nxd4 34. Qxd4 Bc5 35. Qc4+ Kh7 36. Bg3 Bf5 37. Qxc5 Qxg3 38. Qxf8 1-0

[Event "*** Titled Tuesday 3|2 Blitz"]
[Site "Chess.com"]
[Date "2016.01.05"]
[Round "4"]
[White "GianmarcoVaR"]
[Black "jcibarra"]
[Result "0-1"]
[WhiteElo "2262"]
[BlackElo "2506"]
[TimeControl "180+2"]
[EndTime "17:50:29 PST"]
[Termination "jcibarra won on time"]

1. d4 Nf6 2. Nf3 d6 3. c4 g6 4. g3 Bg7 5. Bg2 O-O 6. O-O Nc6 7. Nc3 Bf5 8. Ne1 Na5 9. b3 c5 10. Bb2 a6 11. Rc1 Rb8 12. Nc2 Bh6 13. e3 b5 14. cxb5 axb5 15. Qe2 c4 16. b4 Bd3 17.
Qd2 Bxf1 18. Kxf1 Nb7 19. Nxb5 d5 20. Nc3 e6 21. a4 Nd6 22. b5 Nf5 23. Nb4 Ng4 24. h3 Ngxe3+ 25. fxe3 Bxe3 26. Qe1 Qd6 27. Ne2 e5 28. Nc6 exd4 29. g4 Qf6 30. Bf3 Nh4 31. Nexd4 Bxc1 32. Bxc1 Nxf3 33. Qf2 Ra8 34. a5 Rfe8 35.
Qxf3 Qd6 36. Bf4 Qc5 37. b6 Rxa5 38. Nxa5 Qxd4 39. b7 Qa1+ 40. Kg2 Qxa5 41. b8=Q Rxb8 42. Bxb8 Qb6 0-1

[Event "*** Titled Tuesday 3|2 Blitz"]
[Site "Chess.com"]
[Date "2016.01.05"]
[Round "4"]
[White "MasterLeif"]
[Black "Recombinant"]
[Result "0-1"]
[WhiteElo "2356"]
[BlackElo "2198"]
[TimeControl "180+2"]
[EndTime "17:50:36 PST"]
[Termination "Recombinant won on time"]

1. e4 c5 2. Nf3 d6 3. d4 cxd4 4. Nxd4 Nf6 5. Nc3 g6 6. Be3 Bg7 7. f3 O-O 8. Qd2 Nc6 9. O-O-O d5 10. Kb1 Nxd4 11. e5 Nf5 12. exf6 exf6 13. Bc5 d4 14.
Nb5 Ne3 15. Re1 f5 16. Bxf8 Qxf8 17. Nxd4 f4 18. Bb5 Qc5 19. c3 Bxd4 20. Qxd4 Bf5+ 21. Kc1 Qxb5 22. g4 Qd3 23. Qxd3 Bxd3 24. b3 g5 25. Kb2 a5 26. c4 a4 27. Kc3 Bg6 28.
Re2 f6 29. h4 Kg7 30. Rd2 axb3 31. axb3 Bf7 32. Rd7 Rb8 33. hxg5 fxg5 34. Ra1 Kf6 35.
Ra7 h5 36. gxh5 Bxh5 37. Rdxb7 Rxb7 38. Rxb7 Bxf3 39. Rb6+ Kf5 40. Rb8 Bh5 41. Rf8+ Ke4 42. c5 f3 43. c6 g4 44. Kd2 Nd5 45. Rh8 Bg6 46. Ke1 g3 47. Rf8 Ke3 0-1

[Event "*** Titled Tuesday 3|2 Blitz"]
[Site "Chess.com"]
[Date "2016.01.05"]
[Round "4"]
[White "pKiLz5Rn9b"]
[Black "pedromartinez91"]
[Result "0-1"]
[WhiteElo "2343"]
[BlackElo "2092"]
[TimeControl "180+2"]
[EndTime "17:50:49 PST"]
[Termination "pedromartinez91 won by resignation"]

1. e4 c5 2. c3 d5 3. exd5 Qxd5 4. d4 Nf6 5. Nf3 e6 6. Na3 cxd4 7. Nb5 Qd7 8. Qxd4 Qxd4 9. Nfxd4 Na6 10. Bf4 Bd7 11. Nd6+ Bxd6 12. Bxd6 Ne4 13. Ba3 Nc7 14. f3 Nf6 15. Bd6 O-O-O 16. O-O-O Nfd5 17. Re1 Rhe8 18. Bc4 Nb6 19. Bb3 Nb5 20. Nxb5 Bxb5 21. Bc5 Kc7 22. Bd4 Rg8 23. Be5+ Kc6 24. Rd1 Nc4 25. Bd4 e5 26. Bf2 a5 27. a4 Ba6 28. Rhe1 f6 29. Bc2 Nd6 30. h3 h6 31. b3 Kc7 32.
c4 b6 33. Rd2 Nb7 34. Be4 Rxd2 35. Kxd2 Rd8+ 36. Bd5 Nc5 37. Kc3 Bb7 38. Bxc5 bxc5 39. Rd1 Bxd5 40. Rxd5 Rxd5 41. cxd5 Kd6 42. Kc4 f5 43. g4 e4 44. fxe4 fxe4 45. h4 g6 46. h5 g5 47. b4 cxb4 48. Kd4 b3 49. Kc3 e3 50. Kxb3 e2 51. Kc4 e1=Q 52. Kb5 Qb4+ 53. Ka6 Kxd5 54. Ka7 Kc6 55. Ka8 0-1

[Event "*** Titled Tuesday 3|2 Blitz"]
[Site "Chess.com"]
[Date "2016.01.05"]
[Round "4"]
[White "Hikaru"]
[Black "AlexanderL"]
[Result "1/2-1/2"]
[WhiteElo "2890"]
[BlackElo "2608"]
[TimeControl "180+2"]
[EndTime "17:51:13 PST"]
[Termination "Game drawn by repetition"]

1. d4 Nf6 2. Bf4 d5 3. e3 Bf5 4. c4 e6 5. Nc3 Bd6 6. Bg5 c6 7. Qb3 b6 8. cxd5 exd5 9. Nge2 O-O 10. Ng3 Bg6 11. Be2 Nbd7 12. Bg4 Be7 13. Bf5 h6 14. Bxf6 Nxf6 15. Qc2 Bxf5 16. Nxf5 Rc8 17. O-O-O Bb4 18. Ne2 c5 19. Kb1 c4 20. g4 c3 21. f3 cxb2 22.
Qxb2 Bd6 23. h4 Qd7 24. Rc1 Rfe8 25. Rxc8 Rxc8 26. Rc1 Rxc1+ 27. Nxc1 Bf8 28. Ng3 Bd6 29. Nge2 h5 30. g5 Ne8 31. f4 g6 32. Qb3 Qf5+ 33. Kb2 Nc7 34. Nc3 Qe6 35. N3e2 Qg4 36. Qa4 Qe6 37. Qb3 Qg4 38. Qc3 Qd7 39. Qd3 Qa4 40.
f5 Kg7 41. fxg6 fxg6 42. Nf4 Bxf4 43. exf4 Qb5+ 44. Kc3 Kf7 45. Kd2 Qxd3+ 46. Nxd3 Ke6 47. Ke3 Kf5 48. Nb4 a5 49. Nc6 Ke6 50. Ne5 Kf5 51. Nc6 Ke6 52. Ne5 Kf5 53. Nc6 1/2-1/2

[Event "*** Titled Tuesday 3|2 Blitz"]
[Site "Chess.com"]
[Date "2016.01.05"]
[Round "4"]
[White "Colombiano07"]
[Black "LePatronn"]
[Result "1-0"]
[WhiteElo "2178"]
[BlackElo "1822"]
[TimeControl "180+2"]
[EndTime "17:51:21 PST"]
[Termination "Colombiano07 won by resignation"]

1. d4 Nf6 2. Nc3 d5 3. Bg5 e6 4. e4 Bb4 5. e5 h6 6. Be3 Ne4 7. Qg4 Nxc3 8. a3 Ba5 9. Bd2 Ne4 10. Bxa5 b6 11. Qxg7 Ke7 12. Bb4+ c5 13. dxc5 bxc5 14. f3 Nd7 15. fxe4 cxb4 16. exd5 exd5 17. axb4 Bb7 18. Nf3 Qb6 19. Qg4 Qe3+ 20. Be2 Rhg8 21. Qh4+ f6 22. exf6+ Nxf6 23. Ra3 Qc1+ 24. Bd1 Rae8 25.
O-O Rg4 26. Qf2 Ne4 27. Re1 Reg8 28. Nh4 Kd8 29. Bxg4 Rxg4 30. Rxc1 Nxf2 31. Kxf2 Rxh4 32. Rxa7 Kc7 33. Re1 Kb6 34. Rxb7+ Kxb7 35. Kg3 Rxb4 36. b3 Rd4 37. Re7+ Kc8 38. Re6 Rd2 39. c4 d4 40.
Rd6 Rd3+ 41. Kf4 Kc7 42. Rxh6 Rxb3 43. Ke4 Rb2 44. Rg6 Rd2 45. h4 d3 46. Ke3 Rd1 47. h5 d2 48. Ke2 Rh1 49. Kxd2 Rxh5 50. Ke3 Rc5 51. Rg4 Kc6 52. Re4 Kd7 53. Kf4 Rc6 54. Kg5 Rc5+ 55. Kf6 Rh5 56. g4 Rc5 57. g5 Rc6+ 58. Kf7 Rc5 59. Rd4+ Kc6 60. g6 Rf5+ 61.
Kg8 Rg5 62. g7 Kc5 63. Rf4 Rg1 64. Kf7 Rxg7+ 65. Kxg7 Kb4 66. Kf6 Kc3 67. Ke6 Kb2 68.
Kd6 Ka1 69. c5 Ka2 70. c6 Ka1 71. c7 1-0

[Event "*** Titled Tuesday 3|2 Blitz"]
[Site "Chess.com"]
[Date "2016.01.05"]
[Round "4"]
[White "TheMagician"]
[Black "Assasin14"]
[Result "1/2-1/2"]
[WhiteElo "2169"]
[BlackElo "1976"]
[TimeControl "180+2"]
[EndTime "17:51:22 PST"]
[Termination "Game drawn - insufficient material"]

1. d4 d5 2. Nf3 Nf6 3. c4 c6 4. e3 Bf5 5. Nc3 e6 6. Bd3 Bxd3 7. Qxd3 Nbd7 8. O-O Bd6 9. e4 dxe4 10. Nxe4 Nxe4 11. Qxe4 O-O 12. Bg5 Be7 13. Bxe7 Qxe7 14. b3 Rad8 15.
Rfe1 Nf6 16. Qe5 Qd6 17. Qg5 h6 18. Qh4 Qa3 19. Re2 c5 20. Rae1 cxd4 21. Nxd4 Qc5 22. Nf3 Rd6 23. Ne5 Rfd8 24. h3 Rd1 25. Qf4 Rxe1+ 26.
Rxe1 Qd4 27. Qf3 Qd2 28. Rf1 Qd4 29. Re1 Qd2 30. Re2 Qd1+ 31. Kh2 b6 32. Re3 Qxf3 33. Nxf3 Rd1 34. Re1 Rxe1 35. Nxe1 Kf8 36. Nd3 Nd7 37. Nb4 Nb8 38. Kg3 a5 39. Nc2 Nc6 40. Kf4 Ke7 41.
Ke4 f5+ 42. Ke3 e5 43. g3 g5 44. g4 f4+ 45. Ke4 Ke6 46. a3 Ne7 47. b4 Nc8 48.
c5 bxc5 49. bxc5 Na7 50. a4 Nc6 51. Na3 Nd4 52. Nc4 Nb3 53. c6 Nc5+ 54. Kf3 e4+ 55.
Ke2 Nxa4 56. Nxa5 Kd6 57. Nb7+ Kxc6 58. Nd8+ Kd5 59. Nf7 Ke6 60. Nxh6 Nc3+ 61. Kd2 Nd5 62. Nf5 Ke5 63. Ke2 f3+ 64. Kd2 Nf4 65. h4 gxh4 66. Nxh4 Nh3 67. Ke3 Ng5 68. Nf5 Ne6 69. Ng3 Ng5 70.
Nxe4 Nxe4 71. Kxf3 Nxf2 72. Kg3 Nxg4 1/2-1/2

[Event "*** Titled Tuesday 3|2 Blitz"]
[Site "Chess.com"]
[Date "2016.01.05"]
[Round "4"]
[White "chessdude"]
[Black "FairChess_on_YouTube"]
[Result "1-0"]
[WhiteElo "2361"]
[BlackElo "2732"]
[TimeControl "180+2"]
[EndTime "17:52:14 PST"]
[Termination "chessdude won by resignation"]

1. d4 d5 2. c4 c6 3. Nc3 Nf6 4. e3 a6 5. Qc2 g6 6. Bd3 Bg7 7. Nf3 O-O 8. O-O Bg4 9. Ne5 Be6 10. c5 Nbd7 11. f4 Nxe5 12. fxe5 Nd7 13. Bd2 f6 14. exf6 exf6 15. b4 f5 16. Ne2 Nf6 17. a4 Bd7 18. b5 axb5 19. axb5 Re8 20. h3 Ne4 21. Bxe4 Rxe4 22.
b6 Rxa1 23. Rxa1 f4 24. Ra3 f3 25. gxf3 Qg5+ 26. Kf2 Bxh3 27. Ng3 Re8 28. Qa2 h5 29. Ra8 Bc8 30. Ne4 Qh4+ 31. Ke2 Bf8 32. Be1 Qh2+ 33. Bf2 Kg7 34. Nd2 h4 35. Qa7 Qh3 36. Rb8 Qd7 37.
Bxh4 Kh7 38. Bf2 Bg7 39. Qa1 Qf5 40. Qh1+ Kg8 41. Qh4 Kf7 42. Bg3 Qc2 43. Qf4+ Kg8 44. Qc7 Qf5 45. Qf4 Kf7 46. Qxf5+ gxf5 47. Kd3 f4 48.
Bxf4 Bf5+ 49. e4 dxe4+ 50. fxe4 Rxb8 51. Bxb8 Be6 52. Nc4 Bf8 53. Bd6 Bg7 54. Be5 Bf8 55. Bd6 Bg7 56. Na5 Bc8 57. d5 cxd5 58. exd5 Bf5+ 59.
Kc4 Bh3 60. Nxb7 Bf1+ 61. Kb4 Bg2 62. Nd8+ Ke8 63. b7 1-0

[Event "*** Titled Tuesday 3|2 Blitz"]
[Site "Chess.com"]
[Date "2016.01.05"]
[Round "4"]
[White "DeviatkinAndrey"]
[Black "Silent_Terror"]
[Result "0-1"]
[WhiteElo "2470"]
[BlackElo "2554"]
[TimeControl "180+2"]
[EndTime "17:52:23 PST"]
[Termination "Silent_Terror won on time"]

1. d4 e6 2. e4 d5 3. Bd3 c5 4. Nf3 Nf6 5. e5 Nfd7 6. c3 Nc6 7. a3 a6 8. Be3 Be7 9. h4 h5 10. Nbd2 c4 11. Bc2 b5 12. Ng5 Nf8 13. b3 cxb3 14. Nxb3 Na5 15. Nxa5 Qxa5 16. Qd2 Bd7 17. Rh3 Rc8 18. Bf4 f6 19. Nf3 Qxc3 20. Qxc3 Rxc3 21. Kd2 Rc8 22. a4 b4 23. Ne1 a5 24. Nd3 f5 25. Bg5 Bc6 26. Bxe7 Kxe7 27. Nc5 Nd7 28. Nb3 Ra8 29. Rg3 Kf7 30. Bd3 Rhc8 31. f3 g6 32. f4 Nb6 33. Nc5 Nc4+ 34. Ke2 Be8 35.
Bc2 Ke7 36. Bb3 Nb6 37. Kd2 Rc7 38. Rh3 Rac8 39. Rhh1 Nc4+ 40. Ke2 Rxc5 41. dxc5 Rxc5 42. Rhc1 Bd7 43. Kd3 Bc8 44. Kd4 Rc7 45. Bxc4 dxc4 46. Rxc4 Rd7+ 47. Ke3 Ba6 48. Rc6 Rd3+ 49. Kf2 Rd2+ 50.
Kg3 Bb7 51. Rc7+ Rd7 52. Rxd7+ Kxd7 53. Kf2 Be4 54. Ra2 Kc6 55. Ke3 Kc5 56. Rb2 Kc4 57.
Kd2 b3 58. Kc1 Kc3 59. Re2 Bd3 60. Rf2 Kb4 61. Kb2 Kxa4 62. Rd2 Bc4 63. Kc3 Bd5 64.
Rxd5 exd5 65. e6 Ka3 66. e7 b2 67. e8=Q b1=Q 68. Qf8+ Qb4+ 0-1